 Seeded DCSS version 0.30.1-11-g7821555f0a (webtiles) character file.

Game seed: 6351066067085065685 (custom seed)

107 Esekla the Magician (level 4, -1/23 (24) HPs)
             Began as a Deep Elf Wanderer on Nov 4, 2023.
             Was a Follower of Vehumet.
             Slain by a black bear (2 damage)
             ... on level 2 of the Dungeon.
             The game lasted 00:17:15 (2151 turns).

Esekla the Magician (Deep Elf Wanderer)             Turns: 2151, Time: 00:17:15

HP:   -1/23 (24)    AC:  4    Str: 11    XL:     4   Next: 56%
MP:   3/13          EV: 11    Int: 20    God:    Vehumet [*.....]
Gold: 180           SH:  4    Dex: 14    Spells: 7/14 levels left

rFire   . . .        s - +5 rapier of the Hero {heavy, rN+ Dex+3}
rCold   . . .        d - +0 buckler
rNeg    + . .        c - +0 robe
rPois   .            k - +0 helmet
rElec   .            (no cloak)
rCorr   .            j - +0 pair of gloves
SInv    .            (no boots)
Will    .....        (no amulet)
Stlth   ++           (no ring)
HPRegen 0.23/turn    (no ring)
MPRegen 0.13/turn

%: no passive effects
@: very slightly contaminated, lightly drained
A: no striking features
a: Renounce Religion


You were on level 2 of the Dungeon.
You worshipped Vehumet.
Vehumet was aware of your devotion.
You visited 1 branch of the dungeon, and saw 4 of its levels.

You collected 180 gold pieces.

Inventory:

Hand Weapons
 a - a +1 short sword of freezing
 r - a +0 spear
 s - the +5 rapier of the Hero (weapon) {heavy, rN+ Dex+3}
   (You found it on level 3 of the Dungeon)

   Dex:       It affects your dexterity (+3).
   rN:        It protects you from negative energy.
Armour
 c - a +0 robe (worn)
 d - a +0 buckler (worn)
 j - a +0 pair of gloves (worn)
 k - a +0 helmet (worn)
Wands
 u - a wand of roots (8)
Scrolls
 g - 3 scrolls of identify {unknown}
 m - a scroll of enchant armour {unknown}
 n - a scroll of amnesia {unknown}
 o - a scroll of immolation {unknown}
 p - a scroll of blinking {unknown}
 q - a scroll of fog {unknown}
Potions
 b - a potion of lignification
 e - a potion of ambrosia {unknown}
 f - 2 potions of attraction {unknown}
 h - a potion of heal wounds {unknown}
 i - 2 potions of curing {unknown}
 l - a potion of mutation {unknown}
 t - a potion of haste {unknown}
 w - 2 potions of brilliance {unknown}


   Skills:
 + Level 0.8 Short Blades
 * Level 1.2 Dodging
 + Level 1.8 Stealth
 + Level 1.5 Shields
 * Level 5.8 Spellcasting
 + Level 0.5 Conjurations
 * Level 2.0 Necromancy
 + Level 2.8 Translocations
 + Level 1.0 Invocations


You had 7 spell levels left.
You knew the following spells:

 Your Spells              Type           Power      Damage    Failure   Level
a - Magic Dart            Conj           28%        1d4       13%         1
b - Blink                 Tloc           34%        N/A       8%          2
d - Vampiric Draining     Necr           14%        2d7       21%         3
p - Apportation           Tloc           34%        N/A       4%          1

Your spell library contained the following spells:

 Spells                   Type           Power      Damage    Failure   Level
 Foxfire                  Conj/Fire      24%        2x1d5     14%         1
 Lesser Beckoning         Tloc           34%        N/A       8%          2
 Gell's Gravitas          Tloc           17%        N/A       14%         3
 Teleport Other           Tloc           17%        N/A       14%         3
 Ignite Poison            Fire/Tmut/Pois 5%         N/A       43%         3


Dungeon Overview and Level Annotations

Branches:
Dungeon (4/15)
 Temple: D:4-7

Altars:
Okawaru
Vehumet
Zin

Shops:
D:2 =


Message History

Aim: a black bear (moderately wounded, very poisoned, 65% to hit)
You throw a poisoned dart.
The poisoned dart barely misses the black bear.
You hit the black bear but do no damage.
The black bear is lightly wounded.
The black bear bites you. The black bear barely misses you.
You block the black bear's attack. The black bear misses you.
The black bear barely misses you. The black bear claws you.
Casting: Blink (safe; 8% risk of failure)
Confirm with . or Enter, or press ? or * to list all spells.
The spell is extremely dangerous to miscast (21% risk of failure)!
Continue anyway?
Aiming: Vampiric Draining (extremely dangerous; 21% risk of failure)
Press: ? - help, Shift-Dir - straight line, f/p - black bear
Aim: a black bear (moderately wounded, very poisoned)
You miscast Vampiric Draining.
You are very lightly contaminated with residual magic.
You convulse helplessly as pain tears through your body.
You partially resist.
You feel drained. The black bear bites you!
The black bear claws you but does no damage.
The black bear closely misses you.
Casting: Vampiric Draining (extremely dangerous; 21% risk of failure)
Confirm with . or Enter, or press ? or * to list all spells.
The spell is extremely dangerous to miscast (21% risk of failure)!
Continue anyway?
Aiming: Vampiric Draining (extremely dangerous; 21% risk of failure)
Press: ? - help, Shift-Dir - straight line, f/p - black bear
Aim: a black bear (heavily wounded, poisoned)
You draw life force from the black bear!
You feel life coursing into your body.
The black bear goes berserk!
Casting: Vampiric Draining (extremely dangerous; 21% risk of failure)
Confirm with . or Enter, or press ? or * to list all spells.
The spell is extremely dangerous to miscast (21% risk of failure)!
Continue anyway?
Aiming: Vampiric Draining (extremely dangerous; 21% risk of failure)
Press: ? - help, Shift-Dir - straight line, f/p - black bear
Aim: a black bear (almost dead, berserk, poisoned)
You draw life force from the black bear.
You feel life coursing into your body. The black bear closely misses you.
The black bear misses you. The black bear claws you. The black bear bites you!
* * * LOW HITPOINT WARNING * * *
The black bear claws you.
You die...

#.#..............# #.#
#.#.##.###############.#
#...##.................####
##..########...............
#..########.########..####
#.##........# ####..# #
#.##.######## #.....# #
#.##.## #########.###.####
#.#...###@h.....(.........
#.........>...(##..#.[####
#.....###.####(##..#..####
#..#.## #.# #.##..#......
#..#.# ##.####(##..#..####
#..#.# #......(....#..#
#..#.###..####(......∩#
#..#......# #..####.##
#.........####..####.#


You could see a black bear (berserk, poisoned).

Vanquished Creatures
  An iguana (D:2)
  2 gnolls (D:2)
  2 adders (D:2)
  A dart slug (D:1)
  4 endoplasms
  8 goblins
  4 hobgoblins
  A quokka (D:1)
  6 ball pythons
  4 bats
  4 frilled lizards
  5 kobolds
  A rat (D:2)
43 creatures vanquished.

Notes
Turn   | Place    | Note
-------+----------+-------------------------------------------
     0 | D:1      | Esekla the Deep Elf Wanderer began the quest for the Orb.
     0 | D:1      | Esekla set off with the following items: a +0 club, a
                  | potion of lignification, a +0 robe, a +0 buckler; and the
                  | following spells available to memorise: Apportation, Blink,
                  | Lesser Beckoning, Magic Dart, Ignite Poison, Vampiric
                  | Draining.
     0 | D:1      | Reached XP level 1. HP: 10/10 MP: 7/7
     2 | D:1      | Learned a level 1 spell: Magic Dart
     4 | D:1      | Learned a level 1 spell: Apportation
   255 | D:2      | Found Renulab's Jewellery Shop.
   400 | D:4      | Found a radiant altar of Vehumet.
   408 | D:4      | Found an iron altar of Okawaru.
   419 | D:4      | Found a glowing silver altar of Zin.
   503 | D:4      | Became a worshipper of Vehumet
   729 | D:3      | Reached XP level 2. HP: 15/15 MP: 5/9
   732 | D:3      | Learned a level 2 spell: Blink
   946 | D:3      | Identified the +5 rapier of the Hero {heavy, rN+ Dex+3}
                  | (You found it on level 3 of the Dungeon)
  1084 | D:2      | Reached skill level 5 in Spellcasting
  1202 | D:1      | Reached skill level 1 in Dodging
  1212 | D:1      | Reached XP level 3. HP: 19/19 MP: 9/11
  1216 | D:1      | Learned a level 3 spell: Vampiric Draining
  1275 | D:1      | Reached * piety under Vehumet
  1275 | D:1      | Offered knowledge of Foxfire by Vehumet.
  1754 | D:2      | Reached skill level 1 in Necromancy
  1850 | D:2      | Noticed a black bear
  1861 | D:2      | Reached XP level 4. HP: 24/24 MP: 8/13
  1880 | D:2      | Found a faded altar of an unknown god.
  2151 | D:2      | HP: 1/23 [black bear (9)]
  2151 | D:2      | Slain by a black bear

Illustrated notes

Levels and vault maps discovered:
D:1:      sevenhm_arrival_forest_fort_small_3, layout_rooms,
          chequers_serial_rivers_room_b, minmay_misc_feat_five
D:2:      layout_loops_ring, dreamdust_ecumenical_altar_angels_and_demons,
          serial_shops, shop
D:3:      layout_basic, grunt_temple_overflow_open, minmay_misc_feat_iff
D:4:      layout_basic, nicolae_overflow_quartered_altars, serial_shops,
          nicolae_diamond_shop

Skill      XL: |  1  2  3  4 |
---------------+-------------+-----
Spellcasting   | 5 |  5.8
Dodging        | 1 |  1.2
Necromancy     | 1 2 |  2.0
Short Blades   | |  0.8
Stealth        | |  1.8
Shields        | |  1.5
Conjurations   | |  0.5
Translocations | |  2.8
Invocations    | |  1.0

Action                     |  1- 3 |  4- 6 || total
---------------------------+-------+-------++-------
  Melee: Short sword       |    19 |       ||    19
         Rapier            |    31 |     5 ||    36
  Throw: Dart              |       |    11 ||    11
   Cast: Magic Dart        |    46 |     2 ||    48
         Apportation       |    28 |     2 ||    30
         Vampiric Draining |       |     4 ||     4
         Blink             |       |     2 ||     2
  Evoke: Wand              |     1 |       ||     1
    Use: Scroll            |     1 |       ||     1
   Stab: Sleeping          |     2 |       ||     2
 Armour: Robe              |    23 |     6 ||    29
  Dodge: Dodged            |    36 |    12 ||    48
  Block: Buckler           |     9 |     2 ||    11
